AoeStats
← Mahore

Black Forest

509669830Analyzed
4v4 RM · 5d ago on Sep 27, 2026· 57m 20s· 8 players
Game mode
Random Map
Map size
Large (8 player)
Population
200
Speed
Normal
Resources
Standard
Victory
Conquest
Starting age
Dark Age
Ending age
Imperial Age
RankedLock teamsTeams togetherTeam positionsShared explorationLock speedFull tech treeHidden civsTurbo modeCheats
Victory
Defeat
🇪🇸 Lithuanians · Spain
1324
+16
🇨🇳 Dravidians · China
1322
+16
🇪🇸 Japanese · Spain
1308
+17
🇭🇰 Khmer · Hong Kong SAR China
1287
+18
🇮🇳 Persians · India
1385
-19
🇦🇷 Khmer · Argentina
1356
-18
🇨🇴 Armenians · Colombia
1293
-15
🇮🇱 Dravidians · Israel
1277
-15
hcenemod
10:10 Feudal Age
14:45 Castle Age
12:39 Double-Bit Axe
13:29 Horse Collar
23:23 Stone Mining
23:42 Heavy Plow
24:21 Wheelbarrow
24:06 Bow Saw
24:53 Forging
24:43 Scale Mail Armor
24:49 Scale Barding Armor
24:42 Gold Mining
25:40 Stone Shaft Mining
26:47 Hand Cart
26:18 Loom
26:42 Caravan
30:21 Imperial Age
28:29 Chain Mail Armor
28:49 Iron Casting
29:43 Husbandry
29:53 Bloodlines
29:06 Pikeman
29:47 Squires
29:20 Light Cavalry
31:12 Chain Barding Armor
31:15 Halberdier
32:32 Plate Barding Armor
32:00 Tower Shields
32:26 Conscription
32:03 Cavalier
33:29 Crop Rotation
34:16 Two-Man Saw
33:23 Winged Hussar
34:23 Paladin
36:53 Elite Leitis
40:14 Onager
_Suko_
0:40 Loom
10:48 Feudal Age
10:52 Man-at-Arms
15:50 Fletching
22:14 Double-Bit Axe
22:13 Horse Collar
26:31 Castle Age
25:09 Stone Mining
25:11 Gold Mining
28:08 Bow Saw
30:26 Wheelbarrow
31:09 Scale Mail Armor
31:20 Forging
33:49 Imperial Age
32:50 Chain Mail Armor
31:57 Pikeman
33:52 Iron Casting
34:16 Squires
34:38 Hand Cart
35:21 Plate Mail Armor
35:15 Heavy Plow
37:13 Two-Man Saw
37:33 Blast Furnace
36:02 Halberdier
42:32 Kataparuto
43:08 Gold Shaft Mining
44:04 Chemistry
55:36 Arson
JieX
0:37 Loom
11:37 Feudal Age
12:16 Double-Bit Axe
15:37 Castle Age
14:40 Horse Collar
16:43 Bow Saw
16:35 Heavy Plow
26:24 Gold Mining
30:14 Imperial Age
27:46 Fletching
28:38 Bodkin Arrow
28:45 Padded Archer Armor
29:39 Wheelbarrow
28:51 Town Watch
29:55 Thumb Ring
30:40 Hand Cart
30:58 Bracer
32:06 Chemistry
31:26 Ballistics
30:40 Elite Elephant Archer
33:14 Two-Man Saw
35:13 Conscription
36:40 Medical Corps
36:31 Elite Skirmisher
36:47 Siege Elephant
37:45 Leather Archer Armor
39:38 Fortified Wall
39:38 Masonry
42:47 Hoardings
54:39 Caravan
stormgoing
11:11 Feudal Age
13:58 Castle Age
11:58 Double-Bit Axe
11:58 Horse Collar
14:39 Wheelbarrow
20:03 Bow Saw
21:33 Gold Mining
23:15 Hand Cart
24:17 Stone Mining
29:06 Imperial Age
27:32 Ballistics
27:59 Loom
30:15 Double Crossbow
30:21 Caravan
33:05 Chemistry
33:11 Coinage
32:57 Siege Engineers
35:20 Banking
39:42 Heavy Scorpion
40:52 Capped Ram
41:44 Siege Ram
54:45 Heavy Plow
Mike
0:56 Loom
11:57 Feudal Age
15:48 Castle Age
13:42 Double-Bit Axe
14:12 Horse Collar
16:41 Bow Saw
21:11 Wheelbarrow
20:46 Heavy Plow
23:58 Hand Cart
24:15 Gold Mining
29:21 Imperial Age
28:03 Fletching
28:14 Padded Archer Armor
28:39 Ballistics
28:42 Bodkin Arrow
29:00 Fortified Wall
29:01 Thumb Ring
29:59 Elite Elephant Archer
31:48 Chemistry
30:55 Bracer
31:29 Town Watch
33:49 Leather Archer Armor
36:00 Devotion
41:56 Ring Archer Armor
43:16 Coinage
45:02 Banking
53:22 Pikeman
54:03 Squires
54:04 Scale Mail Armor
54:15 Forging
Mahore
1:44 Loom
13:03 Feudal Age
13:18 Man-at-Arms
26:02 Castle Age
24:21 Double-Bit Axe
24:18 Horse Collar
25:28 Gold Mining
25:30 Stone Mining
27:22 Bow Saw
27:17 Heavy Plow
32:06 Wheelbarrow
31:17 Town Watch
31:35 Gold Mining
32:00 Fletching
37:16 Imperial Age
35:40 Gold Shaft Mining
36:13 Fortified Wall
36:03 Crossbowman
38:54 Arbalester
40:06 Padded Archer Armor
42:40 Onager
43:13 Elite Composite Bowman
44:14 Conscription
43:58 Elite Skirmisher
46:19 Ballistics
46:59 Chemistry
50:51 Hand Cart
54:15 Capped Ram
Tee
3:20 Loom
14:20 Feudal Age
15:25 Double-Bit Axe
15:21 Horse Collar
16:21 Wheelbarrow
18:26 Castle Age
19:49 Bow Saw
19:42 Heavy Plow
20:03 Hand Cart
25:10 Stone Mining
25:12 Gold Mining
28:18 Stone Shaft Mining
29:51 Gold Shaft Mining
32:20 Imperial Age
30:08 Forging
30:04 Scale Barding Armor
31:34 Iron Casting
31:12 Husbandry
31:22 Bloodlines
31:10 Town Watch
31:55 Chain Barding Armor
32:03 Elite War Elephant
34:22 Blast Furnace
34:09 Plate Barding Armor
34:15 Fletching
34:47 Citadels
35:09 Town Patrol
37:22 Bodkin Arrow
38:58 Caravan
47:41 Light Cavalry
48:59 Hussar
ReBeL_persi
3:43 Loom
11:37 Feudal Age
15:11 Castle Age
14:20 Double-Bit Axe
14:17 Horse Collar
15:15 Forging
19:50 Bow Saw
23:12 Gold Mining
24:53 Wheelbarrow
26:07 Stone Mining
27:09 Gold Shaft Mining
29:15 Hand Cart
32:24 Imperial Age
32:57 Ballistics
33:50 Double Crossbow
34:11 Conscription
34:53 Chemistry
34:16 Scale Barding Armor
34:47 Iron Casting
34:22 Siege Engineers
33:42 Heavy Scorpion
35:28 Bloodlines
34:39 Light Cavalry
35:20 Husbandry
35:42 Chain Barding Armor
35:21 Hussar
36:27 Heavy Plow
37:30 Blast Furnace
37:52 Plate Barding Armor
42:03 Caravan
42:33 Coinage
46:10 Banking
Connection lost

Rejoining the realm…

Still unreachable

The connection could not be restored.

Session expired

The server has moved on; the page needs a fresh start.